Description

Roach-Nydus push at 5 min

Replay - Jonathas v NCZY - Ever Dream LE

Build Order

Get SALT Encoding   

  12  0:00  Drone  
  13  0:11  Overlord  
  13  0:16  Drone  
  14  0:30  Drone x2  
  16  0:47  Hatchery  
  15  0:51  Drone  
  16  1:06  Spawning Pool  
  16  1:09  Drone  
  16  1:13  Extractor  
  16  1:14  Drone x2  
  18  1:25  Drone  
  18  1:36  Overlord  
  18  1:46  Drone  
  19  1:53  Zergling x2, Queen  
  22  1:59  Queen  
  22  2:00  Zergling x2  
  25  2:14  Metabolic Boost  
  27  2:18  Zergling x2  
  27  2:22  Overlord  
  28  2:34  Extractor  
  28  2:35  Queen  
  35  3:00  Lair  
  37  3:20  Roach Warren  
  37  3:21  Overlord  
  36  3:27  Overlord  
  39  3:45  Evolution Chamber x2  
  45  4:10  Nydus Network  
  45  4:13  Queen  
  46  4:25  Roach x4  
  54  4:36  Roach x2  
  60  4:47  Glial Reconstitution  
  60  4:50  Nydus Canal  
  60  4:55  Queen  
  60  4:57  Spine Crawler  
  61  5:04  Roach x3  
  67  5:10  Queen  
  67  5:12  Roach  
  67  5:42  Ravager  
Spawning Tool Build Advisor. Get it on Overwolf

Go to:

Details

  • Created by: jonathas
  • Published on: Oct 25, 2020
  • Modified on: Oct 25, 2020
  • Patch: 4.11.0
  • Difficulty: Medium
Show
View Real Time Build Order
Export as new Build Order

Comments (0)

There are no comments. Be the first!

Create an account to comment!